 Dungeon Crawl Stone Soup version 0.31-a0-986-g5e6e4ef867 (webtiles) character file.

Game seed: 2632970518206569445

4926 jestert79 the Severer (level 10, -1/84 HPs)
             Began as a Hill Orc Fighter on Nov 4, 2023.
             Was a Believer of Zin.
             Slain by an orc wizard
             ... wielding a +1 dagger of electrocution
              (16 damage)
             ... on level 9 of the Dungeon.
             The game lasted 00:26:31 (8484 turns).

jestert79 the Severer (Hill Orc Fighter)            Turns: 8484, Time: 00:26:32

Health: -1/84      AC: 16    Str: 24    XL:     10   Next: 52%
Magic:  12/12      EV:  6    Int:  8    God:    Zin [**....]
Gold:   603        SH:  4    Dex: 10    Spells: 9/9 levels left

rFire   . . .        a - +0 broad axe
rCold   + . .        c - +0 buckler
rNeg    . . .        M - +0 plate armour
rPois   +            (no helmet)
rElec   .            q - +0 cloak
rCorr   .            i - +1 pair of gloves
SInv    .            (no boots)
Will    .....        z - amulet of the acrobat Stlth
                     r - ring of protection from cold
HPRegen 0.34/turn    t - ring of poison resistance
MPRegen 0.13/turn

%: acrobat
@: no status effects
A: no striking features
a: Renounce Religion, Convert to Beogh, Recite, Vitalisation, Donate Gold


You were on level 9 of the Dungeon.
You worshipped Zin.
Zin was pleased with you.
You visited 2 branches of the dungeon, and saw 10 of its levels.
You also visited: Ossuary.

You collected 669 gold pieces.
You donated 66 gold pieces to Zin.

Inventory:

Hand Weapons
 a - a +0 broad axe (weapon)
Missiles
 g - 6 curare-tipped darts
 j - 10 poisoned darts
 l - 3 javelins
 p - 11 boomerangs (quivered)
 L - 5 darts of dispersal
Armour
 c - a +0 buckler (worn)
 i - a +1 pair of gloves (worn)
 q - a +0 cloak (worn)
 M - a +0 plate armour (worn)
Jewellery
 r - a ring of protection from cold (left hand)
 t - a ring of poison resistance (right hand)
 z - an amulet of the acrobat (around neck)
 H - a ring of positive energy
Wands
 y - a wand of digging (5)
 C - a wand of flame (14)
 I - a wand of charming (24)
 J - a wand of iceblast (6)
 K - a wand of light (7)
Scrolls
 b - 2 scrolls of identify
 e - 3 scrolls of noise
 f - 2 scrolls of immolation
 m - 4 scrolls of teleportation
 n - 2 scrolls of butterflies
 s - a scroll of revelation
 A - a scroll of amnesia
 D - 3 scrolls of poison
 F - a scroll of enchant armour
 N - a scroll of fear
Potions
 d - a potion of might
 h - 3 potions of brilliance
 k - 3 potions of attraction
 o - 2 potions of enlightenment
 u - 3 potions of resistance {unknown}
 v - a potion of degeneration {unknown}
 w - a potion of invisibility {unknown}
 x - 3 potions of curing
 B - 4 potions of mutation {unknown}
 E - a potion of berserk rage {unknown}
 G - a potion of cancellation {unknown}


   Skills:
 + Level 6.5 Fighting
 + Level 15.8 Axes
 + Level 4.3 Throwing
 + Level 5.9 Armour
 - Level 4.5 Shields
 + Level 2.9 Invocations


You had 9 spell levels left.
You didn't know any spells.
Your spell library contained the following spells:

 Spells                   Type           Power      Damage    Failure   Level
 Necrotise                Necr           0%         1d4       100%        1
 Blink                    Tloc           0%         N/A       100%        2
 Lesser Beckoning         Tloc           0%         N/A       100%        2
 Momentum Strike          Conj/Tloc      0%         3d8       100%        2
 Gell's Gravitas          Tloc           0%         N/A       100%        3
 Summon Guardian Golem    Hex/Summ       0%         N/A       100%        3
 Teleport Other           Tloc           0%         N/A       100%        3
 Vampiric Draining        Necr           0%         2d6       100%        3
 Agony                    Necr           0%         N/A       100%        5
 Orb of Destruction       Conj           0%         9d5       100%        7
 Spellforged Servitor     Conj/Summ      0%         N/A       100%        7
 Maxwell's Capacitive Co  Air            0%         ∞         100%        8
 Chain Lightning          Conj/Air       0%         N/A       100%        9


Dungeon Overview and Level Annotations

Branches:
Dungeon (9/15)             Temple (1/1) D:7         Ossuary (visited)
   Lair: D:8-11         Orc: D:9-12

Altars:
Ashenzari
Cheibriados
Dithmenos
Elyvilon
Fedhas
Hepliaklqana
Kikubaaqudgha
Makhleb
Nemelex Xobeh
Okawaru
Qazlal
Ru
Sif Muna
Trog
Uskayaw
Vehumet
Wu Jian
Xom
Yredelemnul
Zin
The Shining One

Shops:
D:1 !

Annotations:
D:2 1 runed translucent door, Crazy Yiuf
D:6 1 runed translucent door


Message History

The orc warrior hits you but does no damage.
You barely miss the orc warrior.
The orc warrior is lightly wounded.
You hit the orc. The orc hits you but does no damage.
The orc warrior hits you but does no damage.
You slash the orc warrior!
The orc warrior is heavily wounded.
You hit the orc.
You kill the orc!
The orc warrior barely misses you.
You slash the orc warrior!
The orc warrior is almost dead.
You hit the orc warrior but do no damage.
The orc warrior is almost dead.
An orc wizard comes into view.
It is wielding a +1 dagger of electrocution.
The orc warrior hits you but does no damage.
You barely miss the orc warrior.
The orc warrior is almost dead.
The orc wizard casts a spell at you. The magic dart hits you.
The orc warrior barely misses you.
You hit the orc warrior.
You kill the orc warrior!
Items here: ( )) [ ††.
An orc priest comes into view. It is wielding a +0 short sword.
The orc priest shouts!
The orc wizard barely misses you.
You closely miss the orc wizard.
An orc warrior comes into view. It is wielding a +0 trident.
The orc wizard hits you but does no damage.
You are electrocuted!
You hit the orc wizard but do no damage.
You barely miss the orc priest.
The orc priest invokes the aid of Beogh against you.
Beogh smites you!
* * * LOW HITPOINT WARNING * * *
The orc warrior barely misses you.
The orc wizard hits you with a +1 dagger of electrocution.
* * * LOW HITPOINT WARNING * * *
You are electrocuted!
You die...

.#.# ### ##.#.#
#.. #..#.#...
#.##.#.# #.##...#
# #$#..#
#.##....#
#....##.####
#..o@)....<####.
#..#o##)#........
#. #o..>...%#####
.. ...##.##.## ..
..#. #...†#### .
###. ####....## .
#. #.##..####...
#. ...###......#
#.#####.)#####


You could see an orc warrior, an orc priest and an orc wizard.

Vanquished Creatures
  A cyclops (D:9)
  A troll (D:9)
  Prince Ribbit (D:5)
  Sigmund (D:2)
  A vampire mosquito (D:6)
  A steam dragon (D:8)
  2 orc warriors
  Duvessa (D:5)
  3 water moccasins
  An ice beast (D:7)
  A black bear (D:8)
  4 ogres
  2 centaurs
  A phantom (D:7)
  2 kobold brigands
  2 bullfrogs
  9 scorpions
  Dowan (D:5)
  6 killer bees
  3 howler monkeys
  3 jellies
  2 orc priests
  6 hounds
  Terence (D:2)
  9 orc wizards
  2 sleepcaps
  3 iguanas (D:6)
  9 mummies
  8 gnolls
  9 adders
  A shadow imp (D:7)
  3 white imps
  4 worms
  4 dart slugs
  23 orcs
  5 bats
  7 endoplasms
  8 giant cockroaches
  2 gnoll zombies (Ossuary)
  5 goblins
  9 hobgoblins
  5 jackals
  6 quokkas
  6 ball pythons
  2 frilled lizards (D:1)
  A hobgoblin zombie (Ossuary)
  16 kobolds
  2 kobold zombies (Ossuary)
  3 orc zombies (Ossuary)
  5 rats
  A butterfly (D:6)
214 creatures vanquished.

Vanquished Creatures (others)
  An orc wizard (D:5)
  An orc (D:4)
2 creatures vanquished.

Grand Total: 216 creatures vanquished

Notes
Turn   | Place    | Note
-------+----------+-------------------------------------------
     0 | D:1      | jestert79 the Hill Orc Fighter began the quest for the Orb.
     0 | D:1      | Reached XP level 1. HP: 19/19 MP: 1/1
   229 | D:1      | Reached XP level 2. HP: 27/27 MP: 2/2
   235 | D:1      | Reached skill level 3 in Axes
   394 | D:1      | Found Sinumueb's Distillery.
   932 | D:2      | Reached XP level 3. HP: 33/33 MP: 3/3
   936 | D:2      | Noticed Sigmund
   944 | D:2      | Killed Sigmund
   945 | D:2      | Reached skill level 4 in Axes
   945 | D:2      | Reached XP level 4. HP: 30/41 MP: 4/4
   945 | D:2      | Reached XP level 5. HP: 35/47 MP: 5/5
  1126 | D:2      | Noticed Terence
  1136 | D:2      | Killed Terence
  1257 | D:2      | Found a runed translucent door.
  1258 | D:2      | Noticed Crazy Yiuf
  1607 | D:3      | Reached XP level 6. HP: 50/55 MP: 6/6
  1613 | D:3      | Reached skill level 5 in Fighting
  2455 | D:4      | Reached skill level 5 in Axes
  2489 | D:4      | Reached skill level 1 in Throwing
  2541 | D:4      | Found an ancient bone altar of Kikubaaqudgha.
  2644 | D:4      | Found a burning altar of Makhleb.
  2899 | D:4      | Reached skill level 6 in Axes
  2899 | D:4      | Reached XP level 7. HP: 38/61 MP: 7/7
  3390 | D:5      | Entered Level 5 of the Dungeon
  3390 | D:5      | Noticed Prince Ribbit
  3390 | D:5      | Noticed Duvessa
  3390 | D:5      | Noticed Dowan
  3602 | D:5      | Reached skill level 7 in Axes
  3950 | D:5      | Killed Prince Ribbit
  3951 | D:5      | Reached skill level 8 in Axes
  3951 | D:5      | Reached XP level 8. HP: 40/68 MP: 8/8
  4053 | D:5      | Killed Duvessa
  4054 | D:5      | Reached skill level 9 in Axes
  4066 | D:5      | Killed Dowan
  4076 | D:5      | Reached skill level 10 in Axes
  4809 | D:6      | Found a sand-covered staircase.
  4819 | Ossuary  | Entered an ossuary
  5497 | D:6      | Reached skill level 11 in Axes
  5684 | D:6      | Reached skill level 12 in Axes
  5714 | D:6      | Reached XP level 9. HP: 63/74 MP: 9/9
  5721 | D:6      | Identified the +6 rapier of Roch {freeze, Will++ SInv}
  5878 | D:6      | Found a runed translucent door.
  5918 | D:6      | Found a runed translucent door.
  5970 | D:6      | Reached skill level 13 in Axes
  6165 | D:6      | Reached skill level 14 in Axes
  6391 | D:7      | Identified the "Xaun"
  6680 | D:7      | Reached skill level 15 in Axes
  6729 | D:7      | Found a staircase to the Ecumenical Temple.
  7271 | D:8      | Reached skill level 5 in Armour
  7271 | D:8      | Reached XP level 10. HP: 26/81 MP: 10/10
  7402 | Temple   | Found a transporter.
  7402 | Temple   | Found a transporter.
  7402 | Temple   | Found a transporter.
  7402 | Temple   | Found a transporter.
  7402 | Temple   | Entered the Ecumenical Temple
  7500 | Temple   | Became a worshipper of Zin the Law-Giver
  7500 | Temple   | Reached * piety under Zin
  7500 | Temple   | Reached ** piety under Zin
  7625 | D:8      | Reached skill level 1 in Invocations
  8323 | D:9      | Noticed a cyclops
  8327 | D:9      | Killed a cyclops
  8484 | D:9      | Slain by an orc wizard

Illustrated notes

Levels and vault maps discovered:
D:1:      dpeg_arrival_signposts, layout_basic, serial_shops,
          nicolae_shop_stone, minmay_pentomino_q2
D:2:      layout_basic, uniq_crazy_yiuf_cottage, uniq_terence, uniq_sigmund
D:3:      layout_loops_ring, serial_forest, infiniplex_forest_clump_curved,
          infiniplex_forest_clump_small, infiniplex_forest_clump_double,
          infiniplex_forest_pool, infiniplex_forest_clump_double
D:4:      layout_rooms, kiku_gazebo_pond_becter, lightli_temple_of_fire,
          nrook_loot_triangle, minmay_bent
D:5:      cheibrodos_thug_alley, layout_loops_ring, kennysheep_generic_room_14,
          uniq_prince_ribbit1, uniq_duvessa
D:6:      lemuel_insect_pit, layout_basic, gup_ossuary_entry_pyramid
D:7:      layout_loops_cross, temple_green
D:8:      layout_rooms, nicolae_sextant, grunt_ministairs_2
D:9:      layout_rooms, serial_shops, nicolae_shop_mannequins
Temple:   hellmonk_temple_divided_pantheon

Skill      XL: |  1  2  3  4  5  6  7  8  9 10 |
---------------+-------------------------------+-----
Axes           | 3 4 6 8 12 15 | 15.8
Fighting       | 4 5 6 |  6.5
Armour         | 4 5 |  5.9
Shields        | 4 |  4.5
Throwing       | 1 3 4 |  4.3
Invocations    | 2 |  2.9

Action                     |  1- 3 |  4- 6 |  7- 9 | 10-12 || total
---------------------------+-------+-------+-------+-------++-------
  Melee: War axe           |    80 |   148 |   419 |    58 ||   705
         Broad axe         |       |       |       |    65 ||    65
  Throw: Dart              |       |       |    27 |       ||    27
         Javelin           |       |       |     6 |       ||     6
         Boomerang         |       |       |    39 |       ||    39
 Invoke: Recite            |       |       |       |     1 ||     1
  Evoke: Wand              |       |       |       |     1 ||     1
    Use: Scroll            |       |     2 |    15 |     1 ||    18
         Potion            |       |       |     2 |       ||     2
   Stab: Invisible         |       |       |       |     1 ||     1
 Armour: Scale mail        |    53 |    95 |   111 |       ||   259
         Chain mail        |       |       |   158 |    10 ||   168
         Plate armour      |       |       |       |    95 ||    95
  Dodge: Dodged            |    31 |    62 |   129 |    42 ||   264
  Block: Buckler           |    17 |    19 |    63 |    24 ||   123

Table legend: (Time is in decaauts)
 A = Elapsed time spent in this place.
 B = Non-inter-level travel time spent in this place.
 C = Inter-level travel time spent in this place.
 D = Time resting spent in this place.
 E = Time spent auto-exploring this place.
 F = Levels seen in this place.
 G = Mean time per level.
                   A        B        C        D        E       F      G
               +--------+--------+--------+--------+--------+-----+--------+
         Total |   8530 |   7927 |    603 |   1174 |   4783 |  11 |  775.5 |
       Dungeon |   8078 |   7484 |    594 |   1081 |   4569 |   9 |  897.6 |
        Temple |    112 |    103 |      9 |      0 |     84 |   1 |  112.0 |
       Ossuary |    339 |    339 |      0 |     93 |    130 |   1 |  339.0 |
               +--------+--------+--------+--------+--------+-----+--------+

Top non-repeatable levels by time:
     D:5: 1558 daAuts
     D:6: 1074 daAuts
     D:4: 945 daAuts
     D:1: 931 daAuts
     D:3: 928 daAuts
     D:8: 923 daAuts
     D:7: 844 daAuts
     D:2: 709 daAuts
 Ossuary: 339 daAuts
     D:9: 163 daAuts
  Temple: 112 daAuts
